 Dungeon Crawl Stone Soup version 0.27-a0-1378-gdefffd1ff6 (webtiles) character file.

Game seed: 6856355074648611134

3666 ABBCCCDDDD the Nimble (level 10, -2/63 HPs)
             Began as a Djinni Gladiator on June 29, 2021.
             Was a Follower of Hepliaklqana.
             Killed by divine providence
             ... invoked by an orc priest
              (10 damage)
             ... on level 9 of the Dungeon.
             The game lasted 00:58:10 (17597 turns).

ABBCCCDDDD the Nimble (Djinni Gladiator)           Turns: 17597, Time: 00:58:11

Health: -2/63      AC:  7    Str: 13    XL:     10   Next: 34%
Gold:   40         EV: 14    Int: 13    God:    Hepliaklqana [*.....] SH:  0 Dex: 15

rFire    + + .     SeeInvis .   a - +0 rapier
rCold    x . .     Faith    +   (no shield)
rNeg     . . .     Spirit   .   o - +0 ring mail
rPois    ∞         Reflect  .   c - +0 helmet
rElec    .         Harm     .   k - +0 cloak
rCorr    .         Rampage  .   (no gloves)
Will     +....                  (boots unavailable)
Stlth    +.........             x - amulet of faith
HPRegen  0.20/turn              (no ring)
MPRegen  0.00/turn              (no ring)

@: flying
A: reduced essence, sickness immunity, fire resistance 2, cold vulnerability 1,
float, innate caster, hp casting, extra vitality 1
a: Renounce Religion, Recall Ancestor, Ancestor Identity


You were on level 9 of the Dungeon.
You worshipped Hepliaklqana.
Hepliaklqana was aware of your devotion.
You visited 2 branches of the dungeon, and saw 10 of its levels.
You also visited: Ossuary.

You collected 388 gold pieces.
You spent 348 gold pieces at shops.

Inventory:

Hand Weapons
 a - a +0 rapier (weapon)
 G - a +5 spear
Missiles
 v - 2 atropa-tipped darts (quivered)
 w - 203 stones
 A - 2 curare-tipped darts
 B - 35 poisoned darts
 D - 2 throwing nets
Armour
 b - a +0 leather armour
 c - a +0 helmet (worn)
 k - a +0 cloak (worn)
 o - a +0 ring mail (worn)
 q - a +0 kite shield
 r - a +0 scale mail
 H - a +0 scale mail
 Q - the +2 leather armour of the Sea {Harm}
   (You bought it in a shop on level 1 of the Dungeon)

   Harm:      It increases damage dealt and taken.
Jewellery
 i - a ring of fire
 l - a ring of ice
 t - an amulet of guardian spirit
 x - an amulet of faith (around neck)
Wands
 g - a wand of iceblast (4)
 N - a wand of flame (7)
 R - a wand of paralysis (8)
Scrolls
 h - a scroll of brand weapon
 m - a scroll of vulnerability
 p - 2 scrolls of immolation
 s - 3 scrolls of enchant armour
 u - a scroll of summoning
 y - a scroll of enchant weapon
 C - 4 scrolls of teleportation
 E - 3 scrolls of holy word {unknown}
 L - 3 scrolls of blinking {unknown}
 O - 2 scrolls of amnesia {unknown}
 P - a scroll of magic mapping
Potions
 d - a potion of magic
 e - 3 potions of curing
 f - 3 potions of heal wounds
 j - a potion of flight
 n - 3 potions of lignification {unknown}
 z - 3 potions of ambrosia
 F - a potion of resistance
 I - 2 potions of berserk rage {unknown}
 J - a potion of brilliance {unknown}
 K - a potion of mutation {unknown}
 M - 2 potions of degeneration {unknown}


   Skills:
 + Level 5.0 Fighting
 - Level 5.0 Short Blades
 - Level 1.5 Throwing
 + Level 0.0 Armour
 - Level 8.1 Dodging
 + Level 6.1 Spellcasting
 + Level 3.9 Invocations
 + Level 5.4 Evocations


You had 12 spell levels left.
You knew the following spells:

 Your Spells              Type           Power      Damage    Failure   Level
a - Magic Dart            Conj           76%        1d6       3%          1
b - Poisonous Vapours     Pois/Air       38%        N/A       4%          2
c - Corpse Rot            Necr/Air       N/A        N/A       4%          2
d - Iskenderun's Mystic   Conj/Tloc      19%        2d6       30%         4
Your spell library was empty.

Dungeon Overview and Level Annotations

Branches:
Dungeon (9/15)             Temple (1/1) D:7            Lair (0/6) D:9
Ossuary (visited)
    Orc: D:9-12

Altars:
Ashenzari
Cheibriados
Dithmenos
Elyvilon
Fedhas
Gozag
Hepliaklqana
Kikubaaqudgha
Nemelex Xobeh
Okawaru
Qazlal
Ru
Sif Muna
Trog
Uskayaw
Vehumet
Wu Jian
Xom
Yredelemnul
Zin
The Shining One

Shops:
D:1 *!   D:4 *

Annotations:
D:2 Sigmund
D:5 exclusion: downstairs


Innate Abilities, Weirdness & Mutations

Your life essence is reduced to manifest your ancestor. (-10% HP)
You are immune to sickness and miasma.
You are immune to poison.
Your flesh is very heat resistant. (rF++)
You are vulnerable to cold. (rC-)
You float through the air rather than walking.
You learn spells naturally, not from books.
Your magical power is your life essence.
You have superior vitality. (+4 HP)


Message History

You start resting.
Amurritum barely misses the orc priest.
You start resting.
Something barely misses Amurritum.
Something barely misses Amurritum.
Something hits Amurritum.
Something hits Amurritum but does no damage.
Lightning courses through Amurritum!
Amurritum is destroyed!
Casting: Poisonous Vapours (safe; 4% risk of failure)
Confirm with . or Enter, or press ? or * to list all spells.
Aiming: Poisonous Vapours (safe; 4% risk of failure)
Press: ? - help, Dir - move target, f/p - orc priest
Aim: an orc priest, wielding a +0 war axe of electrocution (moderately wounded) Poisonous vapours surround the orc priest!
The orc priest is poisoned.
The orc priest casts a cantrip, but nothing happens.
The orc hits you with a +0 hand axe.
The orc priest looks braver for a moment.
The orc misses you. The orc priest barely misses you.
The orc priest calls upon Beogh to heal the orc priest.
The orc priest is healed somewhat.
The orc priest looks more healthy.
The orc priest invokes the aid of Beogh against you.
Beogh smites you!
The orc priest invokes the aid of Beogh against you.
Beogh smites you!
* * * LOW HITPOINT WARNING * * *
Found a scroll of vulnerability.
Amurritum emerges from the mists of memory!
Found an emerald ring.
The orc priest mumbles some strange prayers to Beogh against you.
Beogh smites you!
* * * LOW HITPOINT WARNING * * *
You see here a +0 spear.
Amurritum barely misses the orc.
The orc priest mumbles some strange prayers to Beogh against you.
Beogh smites you!
You die...

#.# #..## .......
#.#
##o..#######...
#.#####...#...≈..
#.=
#...........#...#
###..##R..##P..#
#.....#...PP...
#..#.o#≈...>PP.
#..##.#..PP.PP.
#..##.@.##.P.#
#........#...#.
####...#...≈...
#....#######..
#####.<.......
###..##### ..#
.... .####


You could see the friendly Amurritum the ancestor, an orc priest and an orc
(ally target).

Vanquished Creatures
  A hornet (D:8)
  Eustachio (D:3)
  A yak (D:8)
  Edmund (D:3)
  An orc warrior (D:7)
  An ogre (D:4)
  2 phantoms
  2 centaurs (D:7)
  5 elf zombies (Ossuary)
  3 kobold brigands
  A wyvern zombie (D:4)
  2 bullfrogs
  A gnoll sergeant (D:8)
  3 scorpions
  A water moccasin zombie (D:5)
  3 wights
  2 bullfrog zombies (D:6)
  3 centaur zombies
  5 hounds
  3 jellies
  2 orc priests
  2 gnoll shamans
  4 iguanas
  Ijyb (D:4)
  7 orc wizards
  2 mummies (Ossuary)
  A howler monkey zombie (D:6)
  2 howler monkey skeletons
  10 gnolls
  An adder (D:3)
  2 white imps
  2 ufetubi
  21 orcs
  6 endoplasms
  4 giant cockroaches
  14 hobgoblins
  7 jackals
  21 kobolds
  3 quokkas (D:3)
  4 ball pythons
  A bat (D:1)
  6 frilled lizards
  6 goblins
  4 rats
175 creatures vanquished.

Vanquished Creatures (collateral kills)
  A hornet zombie (D:9)
  An elf zombie (Ossuary)
  A human zombie (Ossuary)
  3 centaur zombies (Ossuary)
  A mummy (Ossuary)
  A gnoll (D:8)
  An orc (D:9)
9 creatures vanquished.

Vanquished Creatures (others)
  3 ancestors
  10 plants (D:6)
13 creatures vanquished.

Grand Total: 197 creatures vanquished

Notes
Turn   | Place    | Note
-------+----------+-------------------------------------------
     0 | D:1      | ABBCCCDDDD the Djinni Gladiator began the quest for the
                  | Orb.
     0 | D:1      | Reached XP level 1. HP: 18/18 MP: 0/0
   145 | D:1      | Found Ofeyso's Distillery.
   250 | D:1      | Reached XP level 2. HP: 23/23 MP: 0/0
   409 | D:1      | Found Sesal's Assorted Antiques.
   668 | D:1      | Found a faded altar of an unknown god.
   846 | D:1      | Reached XP level 3. HP: 28/29 MP: 0/0
   846 | D:1      | Learned a level 1 spell: Magic Dart
  1751 | D:2      | Noticed Sigmund
  1950 | D:3      | Reached XP level 4. HP: 31/35 MP: 0/0
  2773 | D:4      | Noticed Eustachio
  2846 | D:4      | Found Roanu's General Store.
  2850 | D:4      | Noticed Edmund
  2901 | D:4      | Noticed a phantom
  2965 | D:3      | Killed Eustachio
  2966 | D:3      | Reached skill level 4 in Dodging
  2966 | D:3      | Reached XP level 5. HP: 40/42 MP: 0/0
  2966 | D:3      | Learned a level 2 spell: Poisonous Vapours
  2966 | D:3      | Reached XP level 6. HP: 46/48 MP: 0/0
  3126 | D:4      | Bought 4 atropa-tipped darts for 28 gold pieces
  3131 | D:4      | Noticed Ijyb
  3233 | D:3      | Reached skill level 1 in Spellcasting
  4849 | D:3      | Reached XP level 7. HP: 44/53 MP: 0/0
  4849 | D:3      | Learned a level 2 spell: Corpse Rot
  5049 | D:3      | Reached skill level 5 in Fighting
  5360 | D:4      | Killed Ijyb
  5449 | D:5      | Entered Level 5 of the Dungeon
  5755 | D:5      | Reached skill level 5 in Dodging
  7441 | D:4      | Reached XP level 8. HP: 53/59 MP: 0/0
  8626 | D:6      | Reached skill level 1 in Evocations
  9400 | D:4      | Reached skill level 5 in Short Blades
  9950 | D:4      | Found a stormy altar of Qazlal.
  9960 | D:4      | Found a white marble altar of Elyvilon.
  9963 | D:4      | Found a shadowy altar of Dithmenos.
  9965 | D:4      | Found a hide-covered altar of Uskayaw.
 10652 | D:3      | Killed Edmund
 10653 | D:3      | Reached skill level 6 in Dodging
 11057 | D:5      | Reached XP level 9. HP: 54/65 MP: 0/0
 11057 | D:5      | Learned a level 4 spell: Iskenderun's Mystic Blast
 12655 | D:6      | Reached skill level 5 in Spellcasting
 12857 | D:7      | Found a staircase to the Ecumenical Temple.
 12933 | Temple   | Entered the Ecumenical Temple
 13058 | Temple   | Became a worshipper of Hepliaklqana the Forgotten
 13463 | D:7      | Reached skill level 1 in Invocations
 14248 | D:7      | Reached skill level 7 in Dodging
 14478 | D:7      | Noticed a vault sentinel
 14478 | D:7      | Noticed a vault sentinel
 14679 | D:8      | Noticed a hornet
 14698 | D:8      | Killed a hornet
 15190 | D:8      | Reached XP level 10. HP: 16/70 MP: 0/0
 15193 | D:8      | Found a sand-covered staircase.
 15214 | Ossuary  | Entered an ossuary
 15451 | Ossuary  | Reached * piety under Hepliaklqana
 15821 | Ossuary  | Reached skill level 5 in Evocations
 16823 | D:1      | Bought a shimmering leather armour for 224 gold pieces
 16823 | D:1      | Identified the +2 leather armour of the Sea {Harm} (You
                  | bought it in a shop on level 1 of the Dungeon)
 16823 | D:1      | Bought a scroll labelled YPTAELIXOENG for 32 gold pieces
 16823 | D:1      | Bought a scroll labelled FOLOAMP EMAVU for 32 gold pieces
 16823 | D:1      | Bought a scroll labelled NOXTIT WYUST for 32 gold pieces
 17105 | D:8      | Reached skill level 8 in Dodging
 17285 | D:9      | Found a staircase to the Lair.
 17597 | D:9      | Killed from afar by an orc priest

Illustrated notes

Levels and vault maps discovered:
D:1:      psy_arrival_radial01, layout_loops_ring, serial_shops,
          nicolae_shop_window_shopping, shop,
          shapermc_ecumenical_altar_mp_highgroup, serial_park_tiny_pond
D:2:      layout_basic, minmay_domino_2, uniq_sigmund
D:3:      layout_loops_cross
D:4:      layout_rooms, minitemple, serial_shops, nicolae_shop_trees,
          minmay_goblin_kobold_house, uniq_edmund, uniq_ijyb, uniq_eustachio
D:5:      layout_cave_pods
D:6:      minmay_inner_zag, layout_loops_ring, lexackson_kobold_supper
D:7:      layout_rooms, minmay_temple_entry_mini_moons, st_stairs_4,
          hellmonk_guarded_unrand_gong
D:8:      layout_loops_ring, nicolae_ossuary_entry_monument,
          chequers_serial_rivers_micro_b
D:9:      layout_loops_ring, dpeg_oklobed_lair
Temple:   regret_index_temple_mists

Skill      XL: |  1  2  3  4  5  6  7  8  9 10 |
---------------+-------------------------------+-----
Short Blades   | 3 4 5 |  5.0
Fighting       | 3 4 5 |  5.0
Dodging        | 4 5 6 7 8 |  8.1
Spellcasting   | 1 2 4 5 6 |  6.1
Evocations     | 2 4 5 |  5.4
Invocations    | 2 3 |  3.9
Throwing       | |  1.5

Action                   |  1- 3 |  4- 6 |  7- 9 | 10-12 || total
-------------------------+-------+-------+-------+-------++-------
Melee: Rapier            |   108 |   144 |   721 |   218 ||  1191
Throw: Throwing net      |     4 |     9 |       |       ||    13
       Dart              |       |     5 |    25 |       ||    30
       Stone             |       |       |     1 |       ||     1
 Cast: Poisonous Vapours |       |       |    43 |     9 ||    52
       Magic Dart        |       |       |    17 |    11 ||    28
       Corpse Rot        |       |       |     1 |       ||     1
Invok: Recall Ancestor   |       |       |       |     1 ||     1
       Ancestor Identity |       |       |       |     1 ||     1
  Use: Scroll            |       |     6 |     6 |     3 ||    15
       Potion            |       |     3 |       |       ||     3
 Stab: Sleeping          |     1 |       |       |       ||     1
       Held in net/web   |       |     1 |       |       ||     1
       Invisible         |       |       |     4 |       ||     4
Armor: Leather armour    |    26 |       |       |       ||    26
       Ring mail         |    15 |    59 |   209 |    54 ||   337
Dodge: Dodged            |    57 |    80 |   408 |   105 ||   650

Table legend: (Time is in decaauts)
 A = Elapsed time spent in this place.
 B = Non-inter-level travel time spent in this place.
 C = Inter-level travel time spent in this place.
 D = Time resting spent in this place.
 E = Time spent auto-exploring this place.
 F = Levels seen in this place.
 G = Mean time per level.
                   A        B        C        D        E       F      G
               +--------+--------+--------+--------+--------+-----+--------+
         Total |  17625 |  16191 |   1434 |   6918 |   4915 |  11 | 1602.3 |
       Dungeon |  16498 |  15085 |   1413 |   6290 |   4735 |   9 | 1833.1 |
        Temple |    141 |    120 |     21 |      0 |    118 |   1 |  141.0 |
       Ossuary |    985 |    985 |      0 |    628 |     62 |   1 |  985.0 |
               +--------+--------+--------+--------+--------+-----+--------+

Top non-repeatable levels by time:
     D:3: 3307 daAuts
     D:6: 3288 daAuts
     D:5: 2416 daAuts
     D:4: 2099 daAuts
     D:2: 1459 daAuts
     D:7: 1434 daAuts
     D:1: 1384 daAuts
 Ossuary: 985 daAuts
     D:8: 791 daAuts
     D:9: 315 daAuts
  Temple: 141 daAuts
